 Dungeon Crawl Stone Soup version 0.19-a0-328-g3707654 (webtiles) character file.

917 Lathuz the Cleaver (level 7, 0/57 HPs)
             Began as a Minotaur Berserker on May 28, 2016.
             Was a Priest of Trog.
             Succumbed to wvc's ghost's poison
             ... on level 5 of the Dungeon.
             The game lasted 00:07:51 (3998 turns).

Lathuz the Cleaver (Minotaur Berserker)             Turns: 3998, Time: 00:07:51

Health: 0/57       AC: 13    Str: 21    XL:     7   Next: 83%
Magic:  6/6        EV:  6    Int:  4    God:    Trog [***...]
Gold:   160        SH:  0    Dex: 12    Spells: 0 memorised, 6 levels left

rFire  . . .     SeeInvis .     F - +1 hand axe (chop)
rCold  . . .     Gourm    .     r - +0 plate armour (curse)
rNeg   . . .     Faith    .     (no shield)
rPois  .         Spirit   .     (helmet restricted)
rElec  .         Dismiss  .     (no cloak)
rCorr  .         Reflect  .     (no gloves)
SustAt .         Harm     .     p - +1 pair of boots
MR     .....                    (no amulet)
Stlth  ..........               (no ring)
                                (no ring)

@: lethally poisoned (0 -> -65), not resistant to hostile enchantments,
extremely unstealthy
A: retaliatory headbutt, horns 2
a: Berserk, Trog's Hand, Burn Spellbooks, Renounce Religion


You were on level 5 of the Dungeon.
You worshipped Trog.
Trog was most pleased with you.
You were not hungry.

You visited 1 branch of the dungeon, and saw 5 of its levels.

You collected 160 gold pieces.

Inventory:

Hand Weapons
 F - a +1 hand axe of chopping (weapon)
Armour
 b - a +0 animal skin
 p - a +1 pair of boots (worn)
 r - a cursed +0 plate armour (worn)
 s - a +0 plate armour
Jewellery
 d - an uncursed ring of magical power
 j - an uncursed ring of fire
 t - a cursed ring of loudness
 u - an uncursed ring of protection from magic
Wands
 y - a wand of slowing (9/48)
 B - a wand of paralysis (24/24)
Scrolls
 g - a scroll of teleportation
 k - a scroll of enchant armour
 l - 4 scrolls of identify
 v - a scroll of recharging
Potions
 e - 2 potions of heal wounds {unknown}
 f - 6 potions of curing
 n - a potion of ambrosia {unknown}
 o - 2 potions of cure mutation {unknown}
 q - a potion of lignification {unknown}
 z - 2 potions of invisibility
 A - a potion of mutation {unknown}
 C - a potion of flight {unknown}
 D - a potion of magic {unknown}
Comestibles
 a - a meat ration
 c - 5 bread rations
 i - 2 royal jellies
 E - 2 slices of pizza


   Skills:
 - Level 3.6 Fighting
 + Level 11.1 Axes
 - Level 2.4 Armour
 - Level 2.1 Dodging


You had 6 spell levels left.
You didn't know any spells.

Dungeon Overview and Level Annotations

Branches:
Dungeon (5/15)
 Temple: D:4-7

Altars:
Elyvilon
Okawaru
Qazlal


Innate Abilities, Weirdness & Mutations

You reflexively headbutt those who attack you in melee.
You have a pair of horns on your head.


Message History

You are more poisoned.
You hit wvc's ghost.
Wvc's ghost is almost destroyed.
* * * LOW HITPOINT WARNING * * *
You feel very sick.
Wvc's ghost hits you but does no damage.
You are more poisoned.
You hit wvc's ghost.
You destroy wvc's ghost!
Your Axes skill increases to level 11!
* * * LOW HITPOINT WARNING * * *
You feel very sick.
You hit the orc.
The orc is moderately wounded.
* * * LOW HITPOINT WARNING * * *
You feel very sick. The orc closely misses you.
You hit the orc.
The orc is severely wounded.
You die...

. .. ... .... ## .#
..... .. #.#
......#######.# #.#
.....ao@......# #.#
###.(####..#### ####.###
# #..#..# .......
#.....# ####.#######
#.##.## >..)........
#.##.#
รท..#.#############.##.#
...+...............##.#
...#..###############.#


You could see a worker ant and an orc.

Vanquished Creatures
  The ghost of wvc the Cutter, a novice DsWn of Cheibriados (D:5)
  An ice beast (D:5)
  A sky beast (D:4)
  A centaur (D:5)
  A howler monkey (D:3)
  3 hounds
  An orc priest (D:3)
  An orc wizard (D:3)
  Terence (D:3)
  A worker ant zombie (D:4)
  A howler monkey skeleton (D:4)
  4 adders
  2 oozes
  A worm (D:4)
  A dart slug (D:2)
  A giant gecko (D:3)
  16 orcs
  2 ball pythons (D:2)
  2 bats
  2 giant cockroaches
  5 goblins
  12 hobgoblins
  9 jackals
  4 giant newts
  3 kobolds
  A quokka skeleton (D:4)
  3 rats
81 creatures vanquished.

Notes
Turn   | Place    | Note
--------------------------------------------------------------
     0 | D:1      | Lathuz the Minotaur Berserker began the quest for the Orb.
     0 | D:1      | Reached XP level 1. HP: 19/19 MP: 0/0
     6 | D:1      | Noticed a salamander
     6 | D:1      | Noticed a komodo dragon
     6 | D:1      | Noticed a black bear
     7 | D:1      | Noticed a hog
     7 | D:1      | Noticed a wyvern
   134 | D:1      | Reached skill level 4 in Axes
   196 | D:1      | Reached XP level 2. HP: 26/26 MP: 1/1
   590 | D:1      | You fall through a shaft!
   643 | D:2      | Reached skill level 5 in Axes
   643 | D:2      | Reached XP level 3. HP: 31/31 MP: 2/2
  1164 | D:2      | Reached ** piety under Trog
  1391 | D:3      | Reached XP level 4. HP: 21/39 MP: 3/3
  1398 | D:3      | Reached skill level 6 in Axes
  1662 | D:3      | Found a stormy altar of Qazlal.
  1670 | D:3      | Found a white marble altar of Elyvilon.
  1991 | D:3      | Reached skill level 7 in Axes
  1991 | D:3      | Reached XP level 5. HP: 45/45 MP: 4/4
  1998 | D:3      | Noticed Terence
  2017 | D:3      | Killed Terence
  2683 | D:4      | Reached skill level 8 in Axes
  2721 | D:4      | Reached XP level 6. HP: 51/51 MP: 5/5
  2801 | D:4      | Noticed a sky beast
  2807 | D:4      | Killed a sky beast
  3188 | D:4      | Reached skill level 9 in Axes
  3490 | D:4      | Found an iron altar of Okawaru.
  3602 | D:5      | Entered Level 5 of the Dungeon
  3716 | D:5      | Noticed an ice beast
  3722 | D:5      | Killed an ice beast
  3722 | D:5      | Reached *** piety under Trog
  3722 | D:5      | Reached XP level 7. HP: 53/57 MP: 6/6
  3756 | D:5      | Reached skill level 10 in Axes
  3977 | D:5      | Noticed wvc's ghost (novice DsWn)
  3996 | D:5      | Killed wvc's ghost
  3996 | D:5      | Reached skill level 11 in Axes
  3998 | D:5      | Succumbed to wvc's ghost's poison

Vault maps used:
D:1:      onia_arrival_zoo_common
D:2:      first_bread
D:3:      grunt_temple_overflow_open, uniq_terence
D:4:      minmay_parallelograms, kennysheep_okawaru_gauntlet
D:5:      uniq_sigmund

Skill      XL: |  1  2  3  4  5  6  7 |
---------------+----------------------+-----
Axes           | 4 5 7 8 9 11 | 11.1
Fighting       | |  3.6
Armour         | |  2.4
Dodging        | |  2.1

Action                   |  1- 3 |  4- 6 |  7- 9 || total
-------------------------+-------+-------+-------++-------
Melee: Hand axe          |    75 |   149 |    23 ||   247
       Headbutt          |     6 |    27 |     8 ||    41
  Use: Scroll            |       |    15 |       ||    15
  Eat: Chunk             |     1 |     7 |     2 ||    10
Armor: Animal skin       |     3 |       |       ||     3
       Plate armour      |    41 |    97 |    14 ||   152
Dodge: Dodged            |    31 |    44 |     3 ||    78
